 Dungeon Crawl Stone Soup version 0.17-a0-1900-g45e8110 (webtiles) character file.

101 4thArraOfDagon the Ruffian (level 4, -3/39 HPs)
             Began as a Troll Earth Elementalist on Sept 24, 2015.
             Slain by Sigmund
             ... wielding a +0 scythe
              (10 damage)
             ... on level 3 of the Dungeon.
             The game lasted 00:03:44 (649 turns).

4thArraOfDagon the Ruffian (TrEE)                    Turns: 649, Time: 00:03:44

Health: -3/39      AC:  5    Str: 16    XL:     4   Next: 48%
Magic:  4/4        EV:  9    Int: 12    God:
Gold:   69         SH:  0    Dex: 10    Spells: 1 memorised, 4 levels left

rFire  . . .     SeeInvis .       - Unarmed
rCold  . . .     Clarity  .     b - +0 robe
rNeg   . . .     SustAt   .     (no shield)
rPois  .         Gourm    +     (helmet restricted)
rElec  .         Spirit   .     (no cloak)
rCorr  .         Warding  .     (gloves unavailable)
rMut   .         Stasis   .     (boots unavailable)
MR     .....                    (no amulet)
Stlth  ++........               (no ring)
                                f - ring of stealth

@: not resistant to hostile enchantments, unstealthy
A: unfitting armour, claws 3, fast metabolism 3, gourmand, regeneration 2,
shaggy fur 1, tough skin 2
a: no special abilities


You were on level 3 of the Dungeon.
You were full.

You visited 1 branch of the dungeon, and saw 4 of its levels.

You collected 69 gold pieces.

Inventory:

Missiles
 a - 20 stones (quivered)
Armour
 b - a +0 robe (worn)
Jewellery
 f - a ring of stealth (left claw)
Scrolls
 e - a scroll of recharging {unknown}
 h - a scroll of blinking {unknown}
 i - a scroll of remove curse {unknown}
Potions
 g - a potion of brilliance
Books
 c - a book of Geomancy

   Spells                             Type                      Level
   a - Sandblast                      Earth                        1
   b - Stoneskin                      Transmutation/Earth          2
   c - Passwall                       Transmutation/Earth          3
   d - Stone Arrow                    Conjuration/Earth            3
   e - Petrify                        Transmutation/Earth          4
   f - Lee's Rapid Deconstruction     Earth                        5
Comestibles
 d - 3 bread rations


   Skills:
 - Level 1.5 Dodging
 - Level 1.1 Stealth
 * Level 4.2 Unarmed Combat
 - Level 1.2 Spellcasting
   Level 0.6 Transmutations
 - Level 2.6 Earth Magic


You had 4 spell levels left.
You knew the following spells:

 Your Spells              Type           Power        Failure   Level  Hunger
a - Sandblast             Erth           #.....       12%         1    ##.....


Dungeon Overview and Level Annotations

Branches:
Dungeon (4/15)
 Temple: D:4-7

Altars:
Gozag
Sif Muna

Annotations:
D:3 Robin, Sigmund


Innate Abilities, Weirdness & Mutations

You are too large for most types of armour.
You have claws for hands.
Your metabolism is lightning-fast.
You like to eat raw meat.
You heal very quickly.
You are covered in fur (AC +1).
You have very tough skin (AC +2).


Message History

You barely miss Sigmund. Sigmund hits you with a scythe.
You closely miss Sigmund.
Sigmund casts a spell.
Sigmund flickers and vanishes!
No target in view!
No target in view!
No target in view!
You barely miss something. Something hits you.
You closely miss something. You scratch something. Something hits you.
You barely miss something. Your claw misses something. You miss something.
You hear some strange, mumbled words.
A puff of flame appears from out of thin air!
The puff of flame hits you!
* * * LOW HITPOINT WARNING * * *
You scratch something. Something hits you.
* * * LOW HITPOINT WARNING * * *
You miss something. You claw something! Something hits you!
You die...

.# ...### . .....
.# ####...##.# ≈
#.. ....... ≈ #.#
...##.# S≈
#######.###.# #.#
##. ...........†#
#.## ..#≈
..####@###.# #..#
..≈≈ #{#
#.###..###++# ...
#.##........#.
##.#.#.###.........
..#.....##.>.####.
#####.......##
###.##### #.# ###


There were no monsters in sight!

Vanquished Creatures
  An orc wizard (D:3)
  A centaur skeleton (D:3)
  An adder (D:3)
  A worm (D:4)
  2 giant geckos
  3 orcs (D:3)
  2 giant cockroaches
  3 hobgoblins
  3 jackals (D:3)
  2 quokkas
  5 goblins
  5 kobolds
29 creatures vanquished.

Notes
Turn   | Place    | Note
--------------------------------------------------------------
     0 | D:1      | 4thArraOfDagon the Troll Earth Elementalist began the quest for the Orb.
     0 | D:1      | Reached XP level 1. HP: 16/16 MP: 1/1
     0 | D:1      | ultimate stuntman
   106 | D:1      | Reached skill level 1 in Unarmed Combat
   206 | D:2      | Reached XP level 2. HP: 24/24 MP: 2/2
   307 | D:2      | Found a deep blue altar of Sif Muna.
   378 | D:3      | Noticed Robin
   401 | D:3      | Reached skill level 3 in Unarmed Combat
   401 | D:3      | Reached XP level 3. HP: 20/31 MP: 3/3
   404 | D:3      | Found an opulent altar of Gozag.
   476 | D:3      | Reached skill level 4 in Unarmed Combat
   476 | D:3      | Reached XP level 4. HP: 3/39 MP: 4/4
   621 | D:3      | Noticed Sigmund
   649 | D:3      | Slain by Sigmund

Vault maps used:
D:1:      sevenhm_arrival_forest_fort_large_4
D:2:      lemuel_doored_altar, okawaru_gym_becter
D:3:      kennysheep_big_flooded_room, old_standard_altar,
          kiku_gazebo_garden_becter, first_bread, kennysheep_generic_room_15,
          uniq_robin, uniq_sigmund, uniq_natasha

Action                   |  1- 3 |  4- 6 || total
-------------------------+-------+-------++-------
Melee: Unarmed           |    78 |    42 ||   120
  Use: Potion            |     3 |       ||     3
  Eat: Chunk             |     8 |     1 ||     9
